 Dungeon Crawl Stone Soup version 0.31-a0-426-g3a05650 (webtiles) character file.

Game seed: 7933237342725681679

125052 Dawnplanks the Marksspriggan (level 16, -7/83 (91) HPs)
             Began as a Spriggan Hunter on July 30, 2023.
             Was the Champion of Okawaru.
             Killed from afar by a vampire mage (28 damage)
             ... with a bolt of negative energy
             ... on level 15 of the Dungeon.
             The game lasted 01:06:50 (22712 turns).

Dawnplanks the Marksspriggan (Spriggan Hunter)     Turns: 22712, Time: 01:06:51

HP:   -7/83 (91)    AC:  8    Str:  7    XL:     16   Next: 40%
MP:   26/26         EV: 44    Int: 11    God:    Okawaru [******]
Gold: 1021          SH:  0    Dex: 26    Spells: 15/15 levels left

rFire   + . .        G - +6 orcbow (freeze)
rCold   + + .        (shield currently unavailable)
rNeg    . . .        S - +2 robe {rC+ rF+}
rPois   .            d - +2 hat {Will+}
rElec   .            W - +1 cloak
rCorr   .            (gloves unavailable)
SInv    +            (boots unavailable)
Will    +++..        m - amulet of the acrobat
Stlth   ++++         j - +5 ring of evasion
HPRegen 0.33/turn    h - +5 ring of evasion
MPRegen 0.20/turn

%: acrobat
@: flayed, drained, very quick
A: very small, no large weapons, unfitting armour, see invisible, speed 3,
antennae 1, cold resistance 1
a: Renounce Religion, Heroism, Finesse, Duel


You were on level 15 of the Dungeon.
You worshipped Okawaru.
Okawaru was exalted by your worship.
You visited 4 branches of the dungeon, and saw 23 of its levels.
You visited the Abyss 1 time.
You visited 1 bazaar.
You also visited: Sewer.

You collected 2015 gold pieces.
You spent 994 gold pieces at shops.

Inventory:

Hand Weapons
 A - the +3 orcbow "Xygaileh" {drain, rN+ Int+2}
   (You bought it in a shop on level 5 of the Dungeon)

   Int:       It affects your intelligence (+2).
   rN:        It protects you from negative energy.
 G - a +6 orcbow of freezing (weapon)
 X - a +2 orcbow of flaming
Missiles
 D - 3 throwing nets
Armour
 a - a +2 robe of cold resistance
 d - a +2 hat of willpower (worn)
 t - the +1 robe of Efesad {Rampage Dex+3 Slay+2 Stlth+}
   (Okawaru gifted it to you on level 11 of the Dungeon)

   Dex:       It affects your dexterity (+3).
   Slay:      It affects your accuracy & damage with ranged weapons and melee
   (+2).
   Rampage:   It bestows one free step when moving towards enemies.
   Stlth:     It makes you more stealthy.
 Q - the +1 robe of Defiance {Will- Regen+ Dex+3 Archmagi}
   (Okawaru gifted it to you on level 4 of the Lair of Beasts)

   Dex:       It affects your dexterity (+3).
   Regen:     It increases your rate of health regeneration.
   Archmagi:  It increases the power of your magical spells.
   Will:      It decreases your willpower.
 R - the +1 hat of Hezar {Int+4 Stlth+}
   (Okawaru gifted it to you on level 5 of the Lair of Beasts)

   Int:       It affects your intelligence (+4).
   Stlth:     It makes you more stealthy.
 S - a +2 robe of resistance (worn)
 W - a +1 cloak (worn)
 Y - the +1 hat "Gymu" {rElec}
   (Okawaru gifted it to you on level 13 of the Dungeon)

   rElec:     It insulates you from electricity.
Jewellery
 h - a +5 ring of evasion (right hand)
 j - a +5 ring of evasion (left hand)
 m - an amulet of the acrobat (around neck)
 C - a ring of flight
 I - a ring of protection from fire
 T - a ring of ice
Wands
 q - a wand of paralysis (7)
 r - a wand of roots (31)
 K - a wand of digging (6)
 M - a wand of polymorph (2)
 N - a wand of flame (16)
Scrolls
 b - a scroll of butterflies
 e - 5 scrolls of teleportation
 i - 11 scrolls of fear
 l - 4 scrolls of enchant weapon {unknown}
 n - 4 scrolls of silence
 o - 5 scrolls of vulnerability
 u - a scroll of brand weapon
 v - 3 scrolls of torment
 y - 4 scrolls of poison
 B - a scroll of noise
 E - 4 scrolls of enchant armour
 F - 5 scrolls of amnesia {unknown}
 H - a scroll of fog
 J - 4 scrolls of immolation {unknown}
 O - a scroll of blinking
Potions
 c - 7 potions of magic
 f - a potion of brilliance {unknown}
 g - 6 potions of curing
 k - 4 potions of might
 s - 2 potions of cancellation
 w - 5 potions of heal wounds
 x - 5 potions of haste
 z - 4 potions of enlightenment
 L - 3 potions of attraction {unknown}
 U - a potion of lignification
Miscellaneous
 P - a box of beasts


   Skills:
 + Level 13.2 Fighting
 + Level 19.9 Ranged Weapons
 * Level 14.6 Dodging
 + Level 6.3 Stealth
 * Level 12.3 Invocations


You had 15 spell levels left.
You didn't know any spells.
Your spell library contained the following spells:

 Spells                   Type           Power      Damage    Failure   Level
 Freeze                   Ice            0%         1d3       34%         1
 Sting                    Tmut/Pois      0%         1d3       34%         1
 Blink                    Tloc           0%         N/A       47%         2
 Lesser Beckoning         Tloc           0%         N/A       47%         2
 Momentum Strike          Conj/Tloc      0%         3d8       47%         2
 Poisonous Vapours        Pois/Air       0%         N/A       47%         2
 Static Discharge         Conj/Air       0%         2-2/arc   47%         2
 Frozen Ramparts          Ice            0%         1d1       71%         3
 Hailstorm                Conj/Ice       0%         3d3       71%         3
 Vhi's Electric Charge    Tloc/Air       0%         N/A       71%         3
 Airstrike                Air            0%         2d(0-16)  98%         4
 Dispel Undead            Necr           0%         3d6       98%         4
 Olgreb's Toxic Radiance  Pois           0%         N/A       98%         4
 Fireball                 Conj/Fire      0%         3d3       100%        5
 Irradiate                Conj/Tmut      0%         3d11      100%        5
 Lee's Rapid Deconstruct  Erth           0%         3d4*      100%        5
 Animate Armour           Summ/Erth      Unusable   N/A       N/A         4
 Summon Lightning Spire   Summ/Air       Unusable   N/A       N/A         4
 Death Channel            Necr           Unusable   N/A       N/A         6

Dungeon Overview and Level Annotations

Branches:
Dungeon (15/15)            Temple (1/1) D:6            Lair (5/5) D:9
  Swamp (0/4) Lair:3       Spider (0/4) Lair:3        Slime (0/5) Lair:5
    Orc (2/2) D:10            Elf (0/3) Orc:2        Vaults (0/5) D:13
 Depths (0/4) D:15          Sewer (visited)

Altars:
Ashenzari
Cheibriados
Dithmenos
Elyvilon
Fedhas
Gozag
Hepliaklqana
Kikubaaqudgha
Makhleb
Nemelex Xobeh
Okawaru
Qazlal
Ru
Sif Muna
Trog
Uskayaw
Vehumet
Wu Jian
Xom
Yredelemnul
Zin
The Shining One
Jiyva

Shops:
D:5 (   D:12 (   Orc:2 **!*

Annotations:
D:15 Nopny's ghost, adept FoHu


Innate Abilities, Weirdness & Mutations

You are very small and have problems with some larger weapons.
You are too small for most types of armour.
You have supernaturally acute eyesight. (SInv)
You cover ground extremely quickly. (Speed+++)
You have a pair of small antennae on your head.
Your flesh is cold resistant. (rC+)


Message History

You shoot an arrow. The arrow hits the flayed ghost.
The arrow freezes the flayed ghost.
The flayed ghost is lightly damaged.
Fire: G) +6 orcbow (freeze)
Press: ? - help, Q - select action, (/) - cycle Shift-Dir - straight line, f/p - flayed ghost
Aim: a flayed ghost (blue smoke, lightly damaged, summoned, 68% to hit)
You shoot an arrow.
The arrow barely misses the flayed ghost.
The arrow hits the flying skull!
The arrow freezes the flying skull.
You destroy the flying skull!
The flying skull disappears in a puff of smoke!
The flayed ghost hits you!!
* * * LOW HITPOINT WARNING * * *
Fire: G) +6 orcbow (freeze)
Press: ? - help, Q - select action, (/) - cycle Shift-Dir - straight line, f/p - flayed ghost
Aim: a flayed ghost (lightly damaged, summoned, 68% to hit)
You shoot an arrow.
The arrow closely misses the flayed ghost.
The arrow barely misses the vampire mage.
The arrow hits the shadow!!
You destroy the shadow!
The shadow disappears in a puff of smoke!
The flayed ghost completely misses you.
Fire: G) +6 orcbow (freeze)
Press: ? - help, Q - select action, (/) - cycle Shift-Dir - straight line, f/p - flayed ghost
Aim: a flayed ghost (lightly damaged, summoned, 68% to hit)
You shoot an arrow. The arrow hits the flayed ghost!!
The arrow freezes the flayed ghost.
The flayed ghost is heavily damaged.
Fire: G) +6 orcbow (freeze)
Press: ? - help, Q - select action, (/) - cycle Shift-Dir - straight line, f/p - flayed ghost
Aim: a flayed ghost (heavily damaged, summoned, 68% to hit)
You shoot an arrow. The arrow hits the flayed ghost!!
The arrow freezes the flayed ghost.
The flayed ghost is almost destroyed.
The vampire mage casts a spell at you.
The bolt of negative energy hits the flayed ghost.
The flayed ghost completely resists.
The bolt of negative energy hits you!!
You feel drained.
You die...

########.##
#####.
#........#
#.....
#.########
#.###. #.#
#. #.# #.
#.# ## #.#
#)# #@# #W#
#V# ####.
#)# #.....
#M# #.8.8..
#)# ...Z...
#o# ..8....
#Z##.......
#....)..8..


You could see a flayed ghost (summoned), a vampire mage (invisible), a mummy
(summoned), an orc and a fire giant zombie.

Vanquished Creatures
  Agnes (D:15)
  3 orc warlords (Orc:2)
  Nessos (Orc:2)
  6 dire elephants (Lair:5)
  Erolcha (Orc:2)
  8 vault guards (D:13)
  3 hydras
  Harold (D:10)
  21 two-headed ogres
  6 boulder beetles
  5 centaur warriors
  4 ogre magi (Orc:2)
  11 death yaks
  A tengu warrior (D:15)
  An orc high priest (Orc:2)
  Urug (Lair:2)
  Nergalle (Orc:1)
  Sonja (Lair:2)
  7 skeletal warriors
  A spectral death yak (Lair:5)
  2 skysharks
  Amaemon (Lair:2)
  A spectral anaconda (Lair:5)
  A shadow dragon zombie (D:15)
  An obsidian statue (Lair:5)
  A bog body (Lair:3)
  A deep elf pyromancer (D:12)
  5 necromancers
  6 orc knights
  31 ugly things
  5 orc sorcerers (Orc:2)
  6 cyclopes
  2 manticores (D:14)
  27 elephants
  4 black mambas
  An orange demon (Lair:2)
  A gargoyle (D:12)
  Maggie (D:7)
  12 cane toads
  3 rime drakes
  2 dire elephant skeletons (Lair:5)
  A rime drake (shapeshifter) (D:15)
  Psyche (D:12)
  A tengu conjurer (D:15)
  5 komodo dragons
  A polar bear (Lair:1)
  A freezing wraith (D:15)
  4 trolls
  12 dream sheep
  8 blink frogs
  Sigmund (D:6)
  4 shadows
  11 slime creatures (D:12)
  A wyvern (Lair:5)
  A wraith (D:13)
  A vampire (D:14)
  33 yaks
  4 basilisks
  2 steam dragons (Lair:1)
  A death yak simulacrum (Lair:5)
  9 wargs
  7 vampire mosquitoes
  17 water moccasins
  Menkaure (D:5)
  Edmund (D:6)
  4 acid dragons
  2 elephant zombies (Lair:5)
  31 orc warriors
  A sky beast (D:7)
  4 ice beasts
  6 black bears
  20 wolves
  31 ogres
  11 centaurs
  2 elephant skeletons (Lair:5)
  4 phantoms
  A kobold brigand (D:10)
  11 bullfrogs
  A gnoll sergeant (D:7)
  A cane toad simulacrum (Lair:5)
  3 scorpions
  8 wights
  A troll zombie (D:10)
  4 howler monkeys
  5 jellies
  2 hounds
  20 orc priests
  A centaur skeleton (D:5)
  A gnoll bouda (Orc:2)
  5 iguanas
  Ijyb (D:3)
  19 orc wizards
  Terence (D:3)
  A statue (D:14)
  7 ogre zombies (D:10)
  A hound skeleton (D:5)
  A mummy (D:7)
  Robin (D:4)
  11 gnolls
  A howler monkey skeleton (D:5)
  8 adders
  A shadow imp (D:7)
  A white imp (D:6)
  An ufetubus (D:7)
  An adder zombie (D:5)
  5 worms
  3 dart slugs
  91 orcs
  6 endoplasms
  9 giant cockroaches
  14 goblins
  10 hobgoblins
  13 jackals
  9 kobolds
  4 quokkas
  13 ball pythons
  6 bats
  6 frilled lizards
  3 goblin skeletons (D:10)
  3 goblin zombies (D:10)
  6 hobgoblin zombies (D:10)
  An orc skeleton (D:10)
  12 orc zombies (D:10)
  11 rats
787 creatures vanquished.

Notes
Turn   | Place    | Note
-------+----------+-------------------------------------------
     0 | D:1      | Dawnplanks the Spriggan Hunter began the quest for the Orb.
     0 | D:1      | Reached XP level 1. HP: 10/10 MP: 2/2
   156 | D:1      | Reached XP level 2. HP: 15/15 MP: 3/3
   312 | D:1      | Found a faded altar of an unknown god.
   808 | D:2      | Reached skill level 5 in Ranged Weapons
   808 | D:2      | Reached XP level 3. HP: 16/18 MP: 4/4
  1704 | D:3      | Reached XP level 4. HP: 23/23 MP: 5/5
  2102 | D:3      | Noticed Terence
  2107 | D:3      | Killed Terence
  2108 | D:3      | Reached skill level 6 in Ranged Weapons
  2108 | D:3      | Reached XP level 5. HP: 26/26 MP: 6/6
  2243 | D:3      | Noticed Ijyb
  2252 | D:3      | HP: 1/26 [constriction (5)]
  2257 | D:3      | Killed Ijyb
  2534 | D:4      | Reached XP level 6. HP: 30/30 MP: 7/7
  2579 | D:4      | Reached skill level 7 in Ranged Weapons
  2852 | D:4      | Noticed Robin
  2899 | D:4      | Killed Robin
  3096 | D:4      | Reached XP level 7. HP: 32/35 MP: 8/8
  3159 | D:4      | Found a sparkling altar of Nemelex Xobeh.
  3518 | D:4      | Found a bloodstained altar of Trog.
  3600 | D:5      | Entered Level 5 of the Dungeon
  3644 | D:5      | Reached skill level 8 in Ranged Weapons
  3833 | D:5      | Found a glowing drain.
  3843 | Sewer    | Entered a sewer
  3981 | Sewer    | Found a viscous altar of Jiyva.
  4361 | D:5      | Reached skill level 9 in Ranged Weapons
  4369 | D:5      | Reached XP level 8. HP: 23/40 MP: 9/9
  4599 | D:5      | Noticed Menkaure
  4605 | D:5      | Killed Menkaure
  5001 | D:5      | Found a burning altar of Makhleb.
  5136 | D:5      | Found Gerip's Antique Weapon Boutique.
  5144 | D:5      | Bought a brightly glowing orcbow for 195 gold pieces
  5144 | D:5      | Identified the +3 orcbow "Xygaileh" {drain, rN+ Int+2} (You
                  | bought it in a shop on level 5 of the Dungeon)
  5423 | D:6      | Found a staircase to the Ecumenical Temple.
  5436 | Temple   | Entered the Ecumenical Temple
  5445 | Temple   | Became a worshipper of Warmaster Okawaru
  5541 | D:6      | Reached skill level 10 in Ranged Weapons
  5677 | D:6      | Noticed Edmund
  5711 | D:6      | Reached skill level 1 in Invocations
  5717 | D:6      | Killed Edmund
  5814 | D:6      | Noticed Sigmund
  5830 | D:6      | Killed Sigmund
  5830 | D:6      | Reached * piety under Okawaru
  5831 | D:6      | Reached XP level 9. HP: 37/46 MP: 11/11
  6066 | D:7      | Noticed Maggie
  6084 | D:7      | Killed Maggie
  6085 | D:7      | Reached skill level 11 in Ranged Weapons
  6221 | D:7      | Found a snail-covered altar of Cheibriados.
  6647 | D:8      | Identified the +6 flail of Cruel Justice {flame, rF+ rN++
                  | Will+}
  6739 | D:8      | Reached ** piety under Okawaru
  6739 | D:8      | Noticed a two-headed ogre
  6756 | D:8      | Killed a two-headed ogre
  6757 | D:8      | Reached skill level 5 in Fighting
  6757 | D:8      | Reached skill level 12 in Ranged Weapons
  6757 | D:8      | Reached XP level 10. HP: 51/51 MP: 12/14
  6949 | D:8      | You fall into a shaft and drop 2 floors!
  6949 | D:10     | Entered Level 10 of the Dungeon
  6998 | D:10     | Noticed Harold
  7002 | D:10     | Killed Harold
  7106 | D:10     | Reached *** piety under Okawaru
  7151 | D:10     | Found a staircase to the Orcish Mines.
  7257 | D:10     | Noticed a two-headed ogre
  7263 | D:10     | Killed a two-headed ogre
  7264 | D:10     | Reached skill level 13 in Ranged Weapons
  7264 | D:10     | Reached skill level 5 in Invocations
  7275 | D:10     | Noticed a two-headed ogre
  7292 | D:10     | Killed a two-headed ogre
  7292 | D:10     | Reached **** piety under Okawaru
  7424 | D:10     | Reached ***** piety under Okawaru
  7594 | D:9      | Reached XP level 11. HP: 58/58 MP: 16/16
  7700 | D:9      | Noticed a two-headed ogre
  7719 | D:9      | Killed a two-headed ogre
  7720 | D:9      | Reached skill level 14 in Ranged Weapons
  7761 | D:9      | Found a staircase to the Lair.
  8562 | D:9      | Found a sacrificial altar of Ru.
  8726 | D:9      | Reached skill level 5 in Dodging
  8889 | D:9      | Reached skill level 5 in Stealth
  9869 | D:11     | Noticed a boulder beetle
  9927 | D:11     | Killed a boulder beetle
  9927 | D:11     | Identified the +1 robe of Efesad {Rampage Dex+3 Slay+2
                  | Stlth+} (Okawaru gifted it to you on level 11 of the
                  | Dungeon)
  9927 | D:11     | Received a gift from Okawaru
 10004 | D:11     | Noticed a two-headed ogre
 10031 | D:11     | Killed a two-headed ogre
 10040 | D:11     | Noticed a brown ugly thing
 10504 | D:11     | Reached ****** piety under Okawaru
 10521 | D:11     | Killed a brown ugly thing
 10522 | D:11     | Reached skill level 15 in Ranged Weapons
 10705 | Lair:1   | Entered Level 1 of the Lair of Beasts
 10791 | Lair:1   | Reached XP level 12. HP: 54/63 MP: 18/18
 11876 | Lair:2   | Noticed Urug
 11885 | Lair:2   | Killed Urug
 11885 | Lair:2   | Identified the +0 robe of Recklessness {Fly Str+2 Slay-2}
                  | (Okawaru gifted it to you on level 2 of the Lair of Beasts)
 11885 | Lair:2   | Received a gift from Okawaru
 11934 | Lair:2   | Reached skill level 16 in Ranged Weapons
 12037 | Lair:2   | Noticed Sonja
 12067 | Lair:2   | Killed Sonja
 12204 | Lair:2   | Noticed Amaemon
 12225 | Lair:2   | Killed Amaemon
 12589 | Lair:3   | You fall into a shaft and drop 1 floor!
 12958 | Lair:3   | Noticed a boulder beetle
 12979 | Lair:3   | Killed a boulder beetle
 13010 | Lair:3   | Found a hole to the Spider Nest.
 13090 | Lair:3   | Found a staircase to the Swamp.
 13323 | Lair:4   | Reached XP level 13. HP: 69/69 MP: 20/20
 13818 | Lair:4   | Identified the +1 robe of Defiance {Will- Regen+ Dex+3
                  | Archmagi} (Okawaru gifted it to you on level 4 of the Lair
                  | of Beasts)
 13818 | Lair:4   | Received a gift from Okawaru
 13890 | Lair:4   | Reached skill level 17 in Ranged Weapons
 14018 | Lair:4   | Reached skill level 10 in Dodging
 14431 | Lair:5   | Entered Level 5 of the Lair of Beasts
 14767 | Lair:5   | Noticed a dire elephant
 14767 | Lair:5   | Noticed a dire elephant
 14767 | Lair:5   | Noticed a dire elephant
 14768 | Lair:5   | Noticed a dire elephant
 14811 | Lair:5   | Received a gift from Okawaru
 15003 | Lair:5   | Identified the +0 ice dragon scales of the Ego {rF- rC++
                  | Regen+ Int+6} (Okawaru gifted it to you on level 5 of the
                  | Lair of Beasts)
 15003 | Lair:5   | Received a gift from Okawaru
 15004 | Lair:5   | Reached skill level 10 in Fighting
 15031 | Lair:5   | Reached XP level 14. HP: 77/77 MP: 22/22
 15074 | Lair:5   | Identified the +5 mace of Contradiction {chaos, rCorr
                  | Int+4}
 15086 | Lair:5   | Found a viscous altar of Jiyva.
 15086 | Lair:5   | Found a staircase to the Slime Pits.
 15335 | Lair:5   | Reached skill level 10 in Invocations
 16043 | Lair:5   | Reached skill level 18 in Ranged Weapons
 16667 | Lair:5   | Identified the +1 hat of Hezar {Int+4 Stlth+} (Okawaru
                  | gifted it to you on level 5 of the Lair of Beasts)
 16667 | Lair:5   | Received a gift from Okawaru
 17003 | Lair:5   | Got Kikubaaqudgh's Incunabulum of Debased Rituals
 17168 | Orc:1    | Entered Level 1 of the Orcish Mines
 17168 | Orc:1    | Noticed Nergalle
 17182 | Orc:1    | Killed Nergalle
 17369 | Orc:2    | Entered Level 2 of the Orcish Mines
 17493 | Orc:2    | Found a staircase to the Elven Halls.
 17562 | Orc:2    | Noticed Erolcha
 17628 | Orc:2    | Noticed Nessos
 17629 | Orc:2    | Noticed an orc warlord
 17647 | Orc:2    | Killed Nessos
 17662 | Orc:2    | Killed an orc warlord
 17689 | Abyss:2  | Cast into level 2 of the Abyss (Erolcha)
 17734 | Orc:2    | Escaped the Abyss
 17744 | Orc:2    | Killed Erolcha
 18138 | Orc:2    | Reached XP level 15. HP: 83/83 MP: 24/24
 18210 | Orc:2    | Found Finuwol's Assorted Antiques.
 18210 | Orc:2    | Found Xiom's General Store.
 18210 | Orc:2    | Found Gejoq's Assorted Antiques.
 18210 | Orc:2    | Found Fub Rapes's Distillery.
 18366 | Orc:2    | Bought a brown potion for 29 gold pieces
 18368 | Orc:2    | Bought a potion of mutation for 136 gold pieces
 18369 | Orc:2    | Bought a scroll of identify for 28 gold pieces
 18369 | Orc:2    | Bought a potion of lignification for 42 gold pieces
 18396 | Orc:2    | Gained mutation: You are frail. (-10% HP) [potion of
                  | mutation]
 18396 | Orc:2    | Gained mutation: You occasionally lose the ability to drink
                  | potions when taking damage. [potion of mutation]
 18396 | Orc:2    | Gained mutation: Your magical capacity is low. (-10% MP)
                  | [potion of mutation]
 18397 | Orc:2    | Lost mutation: Your magical capacity is low. (-10% MP)
                  | [potion of mutation]
 18397 | Orc:2    | Lost mutation: You occasionally lose the ability to drink
                  | potions when taking damage. [potion of mutation]
 18397 | Orc:2    | Lost mutation: You are frail. (-10% HP) [potion of
                  | mutation]
 18397 | Orc:2    | Gained mutation: You are frail. (-10% HP) [potion of
                  | mutation]
 18397 | Orc:2    | Gained mutation: You are vulnerable to heat. (rF-) [potion
                  | of mutation]
 18398 | Orc:2    | Lost mutation: You are vulnerable to heat. (rF-) [potion of
                  | mutation]
 18398 | Orc:2    | Lost mutation: You are frail. (-10% HP) [potion of
                  | mutation]
 18398 | Orc:2    | Gained mutation: You have a pair of small antennae on your
                  | head. [potion of mutation]
 18398 | Orc:2    | Gained mutation: Your flesh is cold resistant. (rC+)
                  | [potion of mutation]
 18430 | Orc:2    | Received a gift from Okawaru
 18693 | Orc:2    | Identified the +0 scale mail of Terror {rPois}
 18747 | Orc:2    | Reached skill level 19 in Ranged Weapons
 19000 | Orc:2    | Found the +2 cloak of the Thief {*Fog Slay-2 SInv Stlth+}
 19006 | Orc:2    | Got the Codex of Quantum Blasting
 19148 | Orc:2    | Bought a scroll of identify for 72 gold pieces
 19148 | Orc:2    | Bought a scroll of identify for 72 gold pieces
 19422 | D:12     | Noticed Psyche
 19425 | D:12     | Killed Psyche
 19497 | D:12     | Found Wiraf's Antique Weapon Shop.
 19797 | D:12     | Received a gift from Okawaru
 20041 | D:13     | Found a gate to the Vaults.
 20297 | D:13     | Identified the +1 hat "Gymu" {rElec} (Okawaru gifted it to
                  | you on level 13 of the Dungeon)
 20297 | D:13     | Received a gift from Okawaru
 21442 | D:14     | Reached XP level 16. HP: 90/90 MP: 25/25
 21557 | D:14     | Found a shimmering altar of Xom.
 21772 | D:14     | Found a radiant altar of Vehumet.
 21824 | D:14     | Found a hide-covered altar of Uskayaw.
 21949 | D:14     | Found a sparkling altar of Nemelex Xobeh.
 22138 | D:15     | Entered Level 15 of the Dungeon
 22141 | D:15     | Found a sacrificial altar of Ru.
 22154 | D:15     | Noticed Nopny's ghost (adept FoHu)
 22156 | D:15     | Noticed Agnes
 22163 | D:15     | Killed Agnes
 22163 | D:15     | Received a gift from Okawaru
 22356 | D:15     | Found a flickering gateway to a bazaar.
 22365 | Bazaar   | Entered a bazaar
 22365 | Bazaar   | Found Viwytiz's Jewellery Shop.
 22365 | Bazaar   | Found Bamanuv's Antique Weapon Shoppe.
 22365 | Bazaar   | Found Ehebag's Distillery.
 22366 | Bazaar   | Found Edooreipha's Book Shop.
 22420 | Bazaar   | Bought an amulet of the acrobat for 420 gold pieces
 22662 | D:15     | Found a staircase to the Depths.
 22712 | D:15     | Killed from afar by a vampire mage

Illustrated notes

Levels and vault maps discovered:
D:1:      lemuel_arrival_lava_pool, layout_loops_ring,
          hellmonk_ecumenical_altar_lost_god, chequers_serial_rivers_small_b,
          minmay_unequal
D:2:      minmay_chambers_of_twos, layout_loops_ring
D:3:      layout_basic, uniq_terence, uniq_ijyb
D:4:      layout_loops_ring, nemelex_spade_bored_becter, trog_book, uniq_robin
D:5:      layout_layer_cave, lemuel_coloured_pillars_altar, serial_shops,
          nicolae_stop_n_shop_2, portal_sewer_entry_b, serial_undead,
          serial_undead_a, serial_undead_d, serial_undead_c, serial_undead_a,
          uniq_menkaure
D:6:      layout_cave_pools, minmay_temple_entry_offerings, uniq_edmund,
          uniq_sigmund
D:7:      layout_rooms, slow_altar_1, minmay_stone_trees_large, uniq_maggie
D:8:      layout_loops_corners
D:9:      layout_stronghold, mainiacjoe_overflow_alcove_2,
          due_lair_maze_entry_diamond
D:10:     layout_basic, zombieorc2_lemuel, uniq_harold
D:11:     layout_irregular_city
D:12:     layout_roguey, serial_shops, shop, uniq_psyche
D:13:     layout_gridville, erik_vaults_2, nicolae_wwwww
D:14:     layout_basic, lemuel_doored_altar, hangedman_feature_mirror,
          vehumet_statue
D:15:     gammafunk_depths_entry_grave, layout_loops_ring,
          hellmonk_ghost_happy_afterlife, serial_shops, bzr_entry_lakeside,
          shop, nicolae_shop_pleasant_corner_grove, shop, shop, basic_altar,
          uniq_agnes
Temple:   nicolae_temple_bog_church
Lair:1:   layout_hall_layers, serial_forest, infiniplex_forest_lined_3_way,
          infiniplex_forest_lined_3_way, infiniplex_forest_straight_4,
          infiniplex_forest_clump_diagonal, infiniplex_forest_split,
          infiniplex_forest_straight_3, infiniplex_forest_corner_1,
          infiniplex_forest_straight_2, chequers_serial_rivers_marsh
Lair:2:   layout_gridlike, uniq_sonja, uniq_urug, uniq_amaemon
Lair:3:   layout_regular_city, skrybe_swamp_entry_bodies,
          spider_nest_entry_web_field
Lair:4:   layout_regular_city
Lair:5:   due_jungle_book, layout_layer_cave, dpeg_slime_entry_enclosed
Orc:1:    layout_caves, uniq_nergalle
Orc:2:    st_orc_ogre_mass, layout_caves, minmay_orc_treasury, uniq_nessos,
          uniq_erolcha

Skill      XL: |  1  2  3  4  5  6  7  8  9 10 11 12 13 14 15 16 |
---------------+-------------------------------------------------+-----
Ranged Weapons | 5 6 7 9 10 12 13 15 16 17 18 19 | 19.9
Dodging        | 3 4 7 9 11 12 14 | 14.6
Fighting       | 2 3 4 5 6 7 8 10 11 12 13 | 13.2
Stealth        | 2 3 4 5 6 |  6.3
Invocations    | 2 4 5 7 8 9 10 11 12 | 12.3

Action                     |  1- 3 |  4- 6 |  7- 9 | 10-12 | 13-15 | 16-18 || total
---------------------------+-------+-------+-------+-------+-------+-------++-------
   Fire: Shortbow          |   122 |   213 |   233 |       |       |       ||   568
         Orcbow            |       |       |   159 |   671 |  1683 |   300 ||  2813
 Invoke: Heroism           |       |       |       |       |     4 |     1 ||     5
         Finesse           |       |       |       |       |     2 |       ||     2
  Evoke: Wand              |       |     2 |       |       |       |       ||     2
    Use: Scroll            |       |       |     1 |     7 |     6 |     6 ||    20
         Potion            |       |       |       |       |     6 |     2 ||     8
 Armour: Robe              |     5 |       |     1 |     2 |     4 |     2 ||    14
         Animal skin       |       |       |     4 |       |       |       ||     4
  Dodge: Dodged            |    38 |    25 |    66 |    94 |   330 |    83 ||   636

Table legend: (Time is in decaauts)
 A = Elapsed time spent in this place.
 B = Non-inter-level travel time spent in this place.
 C = Inter-level travel time spent in this place.
 D = Time resting spent in this place.
 E = Time spent auto-exploring this place.
 F = Levels seen in this place.
 G = Mean time per level.
                   A        B        C        D        E       F      G
               +--------+--------+--------+--------+--------+-----+--------+
         Total |  15382 |  14720 |    662 |    629 |   9524 |  26 |  591.6 |
       Dungeon |   9532 |   9137 |    395 |    489 |   6041 |  15 |  635.5 |
        Temple |     12 |      3 |      9 |      0 |      0 |   1 |   12.0 |
          Lair |   4164 |   3969 |    195 |     33 |   2770 |   5 |  832.8 |
  Orcish Mines |   1361 |   1299 |     62 |     65 |    590 |   2 |  680.5 |
         Abyss |     27 |     27 |      0 |      0 |      0 |   1 |   27.0 |
        Bazaar |     50 |     50 |      0 |      0 |     22 |   1 |   50.0 |
         Sewer |    233 |    233 |      0 |     41 |     99 |   1 |  233.0 |
               +--------+--------+--------+--------+--------+-----+--------+

Top non-repeatable levels by time:
  Lair:5: 1747 daAuts
   Orc:2: 1133 daAuts
     D:5: 1071 daAuts
    D:13: 877 daAuts
    D:10: 803 daAuts
     D:4: 802 daAuts
     D:9: 784 daAuts
  Lair:4: 723 daAuts
     D:8: 650 daAuts
    D:12: 640 daAuts
  Lair:1: 617 daAuts
  Lair:2: 600 daAuts
     D:3: 593 daAuts
     D:2: 577 daAuts
    D:11: 547 daAuts
